 Dungeon Crawl Stone Soup version 0.23.2-1-ga50397a (webtiles) character file.

Game seed: 10026553122172036054

1967 Heatsaber the Covert (level 9, -1/45 HPs)
             Began as a Spriggan Enchanter on May 29, 2019.
             Was an Initiate of Gozag.
             Slain by Harold (18 damage)
             ... in the Ecumenical Temple.
             The game lasted 00:47:59 (7213 turns).

Heatsaber the Covert (Spriggan Enchanter)           Turns: 7213, Time: 00:47:59

Health: -1/45      AC:  3    Str:  8 (10) XL:     9   Next: 0%
Magic:  12/17      EV: 27    Int: 15 (18) God:    Gozag
Gold:   128        SH:  0    Dex: 21 (22) Spells: 9/18 levels left

rFire    . . .     SeeInvis +   q - +0 dagger (venom)
rCold    . . .     Gourm    .   (shield restricted)
rNeg     . . .     Faith    .   b - +0 robe
rPois    .         Spirit   .   (helmet restricted)
rElec    .         Reflect  .   h - +0 cloak
rCorr    .         Harm     .   (gloves unavailable)
MR       +....                  (boots unavailable)
Stlth    ++++++....             i - amulet of rage
HPRegen  0.15/turn              p - ring of stealth
MPRegen  0.15/turn              (no ring)

@: mighty, agile, marked, berserk cooldown, hasted and slowed, very quick
A: very small, unfitting armour, see invisible, herbivore, speed 3, slow
metabolism 2
a: Potion Petition, Call Merchant, Bribe Branch, Renounce Religion, Evoke
Berserk Rage


You were in the Ecumenical Temple.
You worshipped Gozag.
Gozag was aware of your devotion.
You were not hungry.

You visited 2 branches of the dungeon, and saw 8 of its levels.

You collected 229 gold pieces.
You paid 101 gold pieces to Gozag.

Inventory:

Hand Weapons
 a - a +1 dagger
 n - a +2 dagger of flaming
 o - a +2 dagger of holy wrath
 q - a +0 dagger of venom (weapon)
 y - a +0 rapier
 A - a +0 shortbow
Missiles
 t - 5 tomahawks (quivered)
 B - 7 arrows
Armour
 b - a +0 robe (worn)
 h - a +0 cloak (worn)
Magical Staves
 v - an uncursed staff of power
Jewellery
 i - an amulet of rage (around neck)
 p - a ring of stealth (left hand)
Scrolls
 c - a scroll of teleportation
 k - 2 scrolls of amnesia {unknown}
 m - 2 scrolls of enchant armour {unknown}
 r - a scroll of fear {unknown}
 u - a scroll of random uselessness {unknown}
 z - a scroll of remove curse
 C - a scroll of blinking {unknown}
Potions
 f - a potion of haste
 g - a potion of degeneration
 j - a potion of curing
 l - a potion of resistance {unknown}
 s - a potion of lignification {unknown}
 w - 2 potions of ambrosia {unknown}
 x - a potion of might {unknown}
Comestibles
 d - 7 rations


   Skills:
 + Level 3.7 Fighting
 + Level 8.0 Short Blades
 - Level 6.0 Dodging
 - Level 8.0 Stealth
 - Level 5.0 Spellcasting
 - Level 6.0 Hexes


You had 9 spell levels left.
You knew the following spells:

 Your Spells              Type           Power        Failure   Level  Hunger
a - Corona                Hex            ###....      1%          1    None
b - Ensorcelled Hibernat  Hex/Ice        ##....       7%          2    ##.....
c - Confuse               Hex            ###.....     4%          3    ###....
d - Tukima's Dance        Hex            ###.....     4%          3    ###....

Your spell library contained the following spells:

 Spells                   Type           Power        Failure   Level  Hunger
 Dazzling Spray           Conj/Hex       ##....       14%         3    ###....


Dungeon Overview and Level Annotations

Branches:
Dungeon (7/15)             Temple (1/1) D:7

Altars:
Ashenzari
Cheibriados
Dithmenos
Elyvilon
Fedhas
Gozag
Hepliaklqana
Kikubaaqudgha
Makhleb
Nemelex Xobeh
Okawaru
Qazlal
Ru
Sif Muna
Trog
Uskayaw
Vehumet
Wu Jian
Xom
Yredelemnul
Zin
The Shining One

Annotations:
Temple Harold


Innate Abilities, Weirdness & Mutations

You are very small and have problems with some larger weapons.
You are too small for most types of armour.
You have supernaturally acute eyesight. (SInv)
You are a herbivore.
You cover ground extremely quickly.
You need to consume almost no food.


Message History

Harold is heavily wounded.
Harold misses you.
Wield which item (- for none, * to show all)? (? for menu, Esc to quit)
Your +2 dagger of flaming stops flaming.
Your +0 dagger of venom begins to drip with poison!
q - a +0 dagger of venom (weapon)
You hit Harold.
Harold is poisoned.
Harold is heavily wounded.
Harold misses you.
You hit Harold.
Harold looks as sick as possible!
Harold is heavily wounded.
You hit Harold but do no damage.
Harold looks as sick as possible!
Harold is severely wounded.
Harold gestures at you while chanting. The mark upon you grows brighter.
You hit Harold.
Harold is severely wounded.
Harold hits you!!
You die...
Your body crumbles into a pile of gold.

≈≈≈≈≈≈≈≈≈≈≈≈≈≈≈≈≈≈≈≈≈≈≈≈≈≈≈≈≈≈≈≈≈
≈≈≈≈≈≈≈≈≈........................
≈≈≈≈≈............................
≈≈..................._...........
......_..........................
............._..............._...
.................................
.................................
.._......_......@@...<...........
.................................
.................................
............._..............._...
......_..........................
≈≈...................8...........
≈≈≈≈≈............................
≈≈≈≈≈≈≈≈≈........................
≈≈≈≈≈≈≈≈≈≈≈≈≈≈≈≈≈≈≈≈≈≈≈≈≈≈≈≈≈≈≈≈≈


You could see Harold.

Vanquished Creatures
  A hungry ghost (D:6)
  2 sky beasts
  A black bear (D:7)
  2 ice beasts
  3 phantoms
  A centaur (D:6)
  A bullfrog (D:4)
  4 scorpions
  2 howler monkeys
  A crimson imp (D:7)
  An orc priest (D:4)
  2 hounds
  2 jellies (D:7)
  A bullfrog skeleton (D:4)
  A centaur skeleton (D:5)
  4 orc wizards
  2 worker ants
  An iguana (D:4)
  A hound zombie (D:5)
  A worker ant zombie (D:5)
  A howler monkey skeleton (D:5)
  7 adders
  2 oozes
  2 worms
  A dart slug (D:5)
  7 leopard geckos
  22 orcs
  2 ball pythons
  4 giant cockroaches
  7 goblins
  10 hobgoblins
  11 jackals
  2 quokkas
  6 bats
  2 frilled lizards
  4 kobolds
  A leopard gecko zombie (D:6)
  A quokka skeleton (D:6)
  9 rats
135 creatures vanquished.

Vanquished Creatures (collateral kills)
  An ogre (D:4)
1 creature vanquished.

Grand Total: 136 creatures vanquished

Notes
Turn   | Place    | Note
-------+----------+-------------------------------------------
     0 | D:1      | Heatsaber the Spriggan Enchanter began the quest for the
                  | Orb.
     0 | D:1      | Reached XP level 1. HP: 9/9 MP: 5/5
   308 | D:1      | Reached XP level 2. HP: 11/13 MP: 4/7
   371 | D:1      | Learned a level 2 spell: Ensorcelled Hibernation
  1388 | D:1      | Reached XP level 3. HP: 16/16 MP: 5/8
  1393 | D:1      | Learned a level 3 spell: Confuse
  1658 | D:2      | Found a glowing golden altar of the Shining One.
  2474 | D:3      | Reached XP level 4. HP: 21/21 MP: 5/10
  2479 | D:3      | Learned a level 3 spell: Tukima's Dance
  3493 | D:4      | Noticed an ogre
  3502 | D:4      | Reached skill level 5 in Hexes
  3502 | D:4      | Reached XP level 5. HP: 20/24 MP: 1/12
  3648 | D:4      | Killed an ogre
  3918 | D:3      | Found a hazy altar of Hepliaklqana.
  4117 | D:4      | Reached XP level 6. HP: 16/28 MP: 0/14
  4159 | D:4      | Reached skill level 5 in Spellcasting
  4819 | D:4      | Reached skill level 5 in Stealth
  4841 | D:4      | Reached XP level 7. HP: 26/32 MP: 9/15
  4922 | D:4      | Reached skill level 5 in Short Blades
  4986 | D:4      | Found a glowing silver altar of Zin.
  5335 | D:5      | Entered Level 5 of the Dungeon
  5370 | D:5      | Reached skill level 5 in Dodging
  5713 | D:5      | Found a stormy altar of Qazlal.
  5714 | D:5      | Found a deep blue altar of Sif Muna.
  5716 | D:5      | Found a sacrificial altar of Ru.
  5718 | D:5      | Found a shimmering altar of Xom.
  5718 | D:5      | Found a radiant altar of Vehumet.
  5746 | D:5      | Found a shadowy altar of Dithmenos.
  5945 | D:5      | Reached XP level 8. HP: 26/36 MP: 8/16
  6277 | D:6      | Reached skill level 1 in Fighting
  6909 | D:7      | Found a staircase to the Ecumenical Temple.
  6918 | Temple   | Entered the Ecumenical Temple
  7000 | Temple   | Became a worshipper of Gozag Ym Sagoz the Greedy
  7068 | D:7      | Noticed Harold
  7178 | D:7      | Reached XP level 9. HP: 31/45 MP: 14/17
  7213 | Temple   | Slain by Harold

Skill      XL: |  1  2  3  4  5  6  7  8 |
---------------+-------------------------+-----
Spellcasting   | 3 4 5 |  5.0
Hexes          | 4 5 6 |  6.0
Short Blades   | 2 3 4 5 8 |  8.0
Stealth        | 5 7 8 |  8.0
Dodging        | 4 5 6 |  6.0
Fighting       | 3 |  3.7

Action                   |  1- 3 |  4- 6 |  7- 9 || total
-------------------------+-------+-------+-------++-------
Melee: Dagger            |   151 |   120 |   131 ||   402
       Staff             |       |       |     8 ||     8
 Cast: Corona            |    11 |     1 |     5 ||    17
       Ensorcelled Hiber |    36 |    64 |    34 ||   134
       Confuse           |     1 |     9 |    21 ||    31
       Tukima's Dance    |       |     1 |     6 ||     7
Invok: Potion Petition   |       |       |     1 ||     1
  Use: Scroll            |     5 |     1 |       ||     6
       Potion            |       |       |     4 ||     4
 Stab: Sleeping          |    27 |    29 |    38 ||    94
       Confused          |       |     6 |     5 ||    11
  Eat: Ration            |     1 |     2 |     3 ||     6
Armor: Robe              |    11 |    22 |    11 ||    44
Dodge: Dodged            |   132 |   147 |    76 ||   355
